 Dungeon Crawl Stone Soup version 0.31-a0-691-g409c26aa35 (webtiles) character file.

Game seed: 249609628870948128

37 subawu the Firebug (level 3, -2/31 HPs)
             Began as an Ogre Fire Elementalist on Sept 5, 2023.
             Slain by a gnoll
             ... wielding a +0 spear
              (6 damage)
             ... on level 2 of the Dungeon on Sept 6, 2023.
             The game lasted 00:04:18 (956 turns).

subawu the Firebug (Ogre Fire Elementalist)          Turns: 956, Time: 00:04:19

Health: -2/31      AC:  3    Str: 12    XL:     3   Next: 41%
Magic:  5/6        EV: 10    Int: 16    God:
Gold:   148        SH:  0    Dex: 11    Spells: 6/7 levels left

rFire   . . .        d - +0 dagger
rCold   . . .        (no shield)
rNeg    . . .        a - +0 robe
rPois   .            (helmet restricted)
rElec   .            (no cloak)
rCorr   .            (gloves unavailable)
SInv    .            (boots unavailable)
Will    .....        (no amulet)
Stlth   ++           (no ring)
HPRegen 0.25/turn    (no ring)
MPRegen 0.10/turn

%: no passive effects
@: no status effects
A: large, unfitting armour, tough skin 1
a: no special abilities


You were on level 2 of the Dungeon.
You visited 1 branch of the dungeon, and saw 2 of its levels.

You collected 148 gold pieces.

Inventory:

Hand Weapons
 d - a +0 dagger (weapon)
 j - a +0 scimitar of electrocution
Missiles
 c - 22 stones
Armour
 a - a +0 robe (worn)
 h - a +0 scale mail
Scrolls
 f - a scroll of enchant weapon {unknown}
Potions
 b - 2 potions of magic
 g - a potion of haste {unknown}
 i - 2 potions of curing {unknown}


   Skills:
 + Level 0.6 Short Blades
 + Level 2.2 Dodging
 + Level 1.5 Stealth
 + Level 0.2 Unarmed Combat
 + Level 2.6 Spellcasting
 + Level 0.9 Conjurations
 + Level 3.2 Fire Magic


You had 6 spell levels left.
You knew the following spells:

 Your Spells              Type           Power      Damage    Failure   Level
a - Foxfire               Conj/Fire      32%        2x1d5     9%          1

Your spell library contained the following spells:

 Spells                   Type           Power      Damage    Failure   Level
 Scorch                   Fire           24%        2d6       8%          2
 Inner Flame              Hex/Fire       7%         N/A       30%         3
 Volatile Blastmotes      Fire/Tloc      14%        2d11      30%         3
 Flame Wave               Conj/Fire      8%         2d5       63%         4


Dungeon Overview and Level Annotations

Branches:
Dungeon (2/15)

Altars:
Xom


Innate Abilities, Weirdness & Mutations

You are too large for most types of armour.
You have tough skin. (AC +1)


Message History

The gnoll shouts!
A gnoll comes into view. It is wielding a +0 spear.
A gnoll comes into view. It is wielding a +0 halberd.
A quokka comes into view.
Casting: Foxfire (safe; 9% risk of failure)
Confirm with . or Enter, or press ? or * to list all spells.
You conjure some foxfire!
The gnoll shouts! x2
The gnoll closely misses you. The gnoll hits you with a +0 flail.
You barely miss the gnoll.
The foxfire hits the gnoll.
The gnoll is lightly wounded.
The foxfire hits the gnoll.
The gnoll is moderately wounded.
The gnoll closely misses you.
The gnoll hits you from afar with a +0 spear.
The gnoll shouts!
You hit the gnoll but do no damage.
The gnoll is moderately wounded.
The gnoll barely misses you. x2
The gnoll barely misses you. The gnoll closely misses you.
The gnoll misses you.
The gnoll hits you from afar with a +0 spear.
The gnoll hits you with a +0 flail! The quokka bites you.
The gnoll hits you but does no damage. The gnoll barely misses you.
The quokka bites you but does no damage.
You see here a +0 scimitar of electrocution.
j - a +0 scimitar of electrocution The gnoll misses you.
The gnoll hits you from afar with a +0 spear.
* * * LOW HITPOINT WARNING * * *
The gnoll closely misses you. The quokka bites you.
* * * LOW HITPOINT WARNING * * *
As you read the scroll labelled ERECLOSUDO, it dissolves into smoke.
It was a scroll of fog.
The gnoll closely misses you.
The gnoll hits you from afar with a +0 spear.
* * * LOW HITPOINT WARNING * * *
The gnoll hits you from afar with a +0 spear.
You die...

...........
.....#.....###
.#...........
........... #
##........ #.
#......# .##
##.§gg.g#
..##.†.§§r§# ...#
#.#..#.§@g.#
#...##.#..#######
#....#...## #
#.#.#...#
..#.......###
............##
#........)..#
##.........#####
##....###......#


You could see 4 gnolls and a quokka.

Vanquished Creatures
  2 dart slugs (D:1)
  4 ball pythons
  5 endoplasms
  A giant cockroach (D:1)
  4 goblins
  2 hobgoblins
  2 kobolds
  A quokka (D:1)
  4 bats (D:1)
  A frilled lizard (D:1)
  2 rats (D:1)
28 creatures vanquished.

Vanquished Creatures (others)
  25 foxfires
25 creatures vanquished.

Grand Total: 53 creatures vanquished

Notes
Turn   | Place    | Note
-------+----------+-------------------------------------------
     0 | D:1      | subawu the Ogre Fire Elementalist began the quest for the
                  | Orb.
     0 | D:1      | Reached XP level 1. HP: 16/16 MP: 3/3
   114 | D:1      | Reached skill level 3 in Fire Magic
   114 | D:1      | Reached XP level 2. HP: 21/24 MP: 3/5
   558 | D:1      | Reached XP level 3. HP: 31/31 MP: 4/6
   781 | D:1      | Upgraded the game from 0.31-a0-675-g238779eb0a to
                  | 0.31-a0-691-g409c26aa35
   934 | D:2      | Found a shimmering altar of Xom.
   956 | D:2      | Slain by a gnoll

Illustrated notes

Levels and vault maps discovered:
D:1:      ncdulo_lavacross, layout_rooms
D:2:      layout_rooms, basic_altar, grunt_ministairs_8

Skill      XL: |  1 |
---------------+----+-----
Dodging        | 2 |  2.2
Fire Magic     | 3 |  3.2
Short Blades   | |  0.6
Stealth        | |  1.5
Unarmed Combat | |  0.2
Spellcasting   | |  2.6
Conjurations   | |  0.9

Action                     || total
---------------------------++-------
  Melee: Unarmed           ||    20
         Dagger            ||    71
   Cast: Foxfire           ||    15
    Use: Scroll            ||     1
   Stab: Sleeping          ||     1
 Armour: Robe              ||    88
  Dodge: Dodged            ||    73

Table legend: (Time is in decaauts)
 A = Elapsed time spent in this place.
 B = Non-inter-level travel time spent in this place.
 C = Inter-level travel time spent in this place.
 D = Time resting spent in this place.
 E = Time spent auto-exploring this place.
 F = Levels seen in this place.
 G = Mean time per level.
                   A        B        C        D        E       F      G
               +--------+--------+--------+--------+--------+-----+--------+
         Total |    954 |    935 |     19 |      0 |    469 |   2 |  477.0 |
       Dungeon |    954 |    935 |     19 |      0 |    469 |   2 |  477.0 |
               +--------+--------+--------+--------+--------+-----+--------+

Top non-repeatable levels by time:
     D:1: 781 daAuts
     D:2: 173 daAuts
